 Dungeon Crawl Stone Soup version 0.16-a0-922-gae79c9c (webtiles) character file.

2112 Kashira the Quickloader (level 9, -5/49 HPs)
             Began as a Kobold Hunter on Sept 30, 2014.
             Killed by divine providence
             ... invoked by an orc priest
              (14 damage)
             ... on Level 6 of the Dungeon.
             The game lasted 00:21:42 (7680 turns).

Kashira the Quickloader (Kobold Hunter)             Turns: 7680, Time: 00:21:42

HP  -5/49        AC  6     Str 11      XL: 9   Next: 53%
MP   9/9         EV 12     Int  9      God:
Gold 415         SH  0     Dex 19      Spells:  0 memorised,  8 levels left

rFire  . . .     SeeInvis .     b - +1 hand crossbow
rCold  . . .     Clarity  .     J - +0 ring mail
rNeg   . . .     rCorr    .     (no shield)
rPois  .         rRot     .     (no helmet)
rElec  .         Spirit   .     (no cloak)
SustAb .         Warding  .     r - +0 pair of gloves
rMut   .         Stasis   .     (no boots)
Gourm  .                        (no amulet)
MR     .....                    (no ring)
                                (no ring)

@: not resistant to hostile enchantments, unstealthy
A: carnivore 3
a: no special abilities


You were on level 6 of the Dungeon.
You were full.

You visited 1 branch of the dungeon, and saw 7 of its levels.

You collected 415 gold pieces.

Inventory:

Hand weapons
 b - a +1 hand crossbow (weapon)
 w - a +2 dagger of venom
 G - a +3 dagger
Missiles
 c - 10 bolts (quivered)
 g - 2 bolts of frost
Armour
 d - a +0 leather armour
 r - a +0 pair of gloves (worn)
 J - a +0 ring mail (worn)
Magical devices
 k - a wand of fireball (7) {unknown}
 F - a wand of lightning (4) {unknown}
 I - a wand of heal wounds (3) {unknown}
Comestibles
 f - 3 meat rations
 h - 4 slices of pizza
 v - a beef jerky
Scrolls
 j - 2 scrolls of fear {unknown}
 l - a scroll of recharging
 m - 5 scrolls of remove curse
 x - a scroll of amnesia {unknown}
 y - 6 scrolls of random uselessness {unknown}
 z - 3 scrolls of enchant armour {unknown}
 A - a scroll of teleportation {unknown}
 H - 2 scrolls of identify
Jewellery
 e - an uncursed amulet of guardian spirit {unknown}
 i - an uncursed ring of protection from cold {unknown}
 s - an uncursed ring of wizardry {unknown}
 t - an uncursed ring of fire {unknown}
Potions
 a - a potion of berserk rage {unknown}
 n - 2 potions of restore abilities
 o - a potion of might {unknown}
 p - a potion of magic {unknown}
 q - 2 potions of haste
 u - a potion of lignification {unknown}
 B - 2 potions of curing
 D - 3 potions of agility {unknown}
 E - 2 potions of heal wounds {unknown}
Books
 C - a book of Wizardry

   Spells                             Type                      Level
   Agony                              Necromancy                   5
   Force Lance                        Conjuration                  5
   Dispersal                          Translocation                6
   Haste                              Charms                       6
   Invisibility                       Hexes                        6
   Spellforged Servitor               Conjuration/Summoning        7


   Skills:
 + Level 2.4 Fighting
 + Level 2.0 Short Blades
 + Level 12.1 Crossbows
 + Level 3.2 Armour
 + Level 5.6 Dodging
 + Level 3.9 Stealth


You had 8 spell levels left.
You didn't know any spells.

Dungeon Overview and Level Annotations

Branches:
Dungeon (7/15)
 Temple: D:4-7

Altars:
Ashenzari
Cheibriados
Elyvilon
Nemelex Xobeh
Ru
Trog
Xom

Shops:
D:4 (


Innate Abilities, Weirdness & Mutations

You are small and have problems with some larger weapons.
You are carnivorous and can eat meat at any time.


Message History

Aim: an orc priest (lightly wounded)
You shoot a bolt. The bolt hits the orc priest.
The orc priest is moderately wounded.
Firing (i - inventory. (,) - cycle):
c - 13 bolts (quivered)
Press: ? - help, Shift-Dir - straight line, f/p - orc priest
Aim: an orc priest (moderately wounded)
You shoot a bolt. The bolt hits the orc priest!
The orc priest is severely wounded.
Firing (i - inventory. (,) - cycle):
c - 12 bolts (quivered)
Press: ? - help, Shift-Dir - straight line, f/p - orc priest
Aim: an orc priest (severely wounded)
You shoot a bolt. The bolt barely misses the orc priest.
Firing (i - inventory. (,) - cycle):
c - 11 bolts (quivered)
Press: ? - help, Shift-Dir - straight line, f/p - orc priest
Aim: an orc priest (severely wounded)
You shoot a bolt.
The bolt completely misses the orc priest.
The orc priest mumbles some strange prayers to Beogh against you.
Something smites you!
You die...

#(........#......#
#(#######.........
###(#..........####.
#..(#.########.##...
#...#.# #.#....
#...#.# #.#....
#..o#(###### #....._
###(#).....###.#....
#..@..........)#....
#..........###.##...
#..........# #.####.
###..........###......
#.....................
#.....................
#.............#'#####.
#...#>....)...#.....##
#...#######...#..[..#.


You could see an orc priest.

Vanquished Creatures
  Prince Ribbit (D:6)
  An ice beast (D:6)
  A black bear (D:6)
  2 ogres
  A centaur (D:6)
  3 giant frogs (D:6)
  Blork the orc (D:5)
  A wyvern skeleton (D:6)
  An eye of draining (D:5)
  A water moccasin skeleton (D:6)
  2 scorpions
  3 killer bees
  A hound (D:6)
  3 wights (D:4)
  A goliath beetle (D:6)
  A black bear skeleton (D:6)
  4 orc priests
  A giant frog skeleton (D:6)
  5 orc wizards
  2 worker ants
  7 gnolls
  4 adders
  A shadow imp (D:6)
  2 worms
  A giant mite (D:5)
  4 giant geckos
  35 orcs
  A ball python (D:4)
  11 bats
  6 giant cockroaches
  19 goblins
  14 hobgoblins
  17 jackals
  24 kobolds
  4 quokkas
  4 giant newts
  A kobold zombie (D:6)
  An orc skeleton (D:4)
  15 rats
  A rat zombie (D:5)
208 creatures vanquished.

Notes
Turn   | Place    | Note
--------------------------------------------------------------
     0 | D:1      | Kashira, the Kobold Hunter, began the quest for the Orb.
     0 | D:1      | Reached XP level 1. HP: 12/12 MP: 1/1
    29 | D:1      | Reached skill level 5 in Crossbows
   234 | D:1      | Reached XP level 2. HP: 10/16 MP: 2/2
   530 | D:1      | Reached XP level 3. HP: 18/20 MP: 3/3
  1116 | D:2      | Reached skill level 6 in Crossbows
  1193 | D:2      | Reached XP level 4. HP: 25/25 MP: 4/4
  1224 | D:2      | Found a shimmering altar of Xom.
  1356 | D:2      | Found a white marble altar of Elyvilon.
  1826 | D:2      | Reached skill level 1 in Armour
  1855 | D:2      | Found a bloodstained altar of Trog.
  2292 | D:3      | Reached XP level 5. HP: 29/29 MP: 5/5
  2948 | D:4      | Found a sacrificial altar of Ru.
  2987 | D:4      | Reached skill level 7 in Crossbows
  2987 | D:4      | Reached XP level 6. HP: 34/34 MP: 6/6
  3434 | D:4      | Found a sparkling altar of Nemelex Xobeh.
  3442 | D:4      | Reached skill level 8 in Crossbows
  3452 | D:4      | Reached XP level 7. HP: 38/38 MP: 7/7
  3771 | D:4      | Found Smaevan's Weapon Boutique.
  4480 | D:5      | Entered Level 5 of the Dungeon
  4504 | D:5      | Found a bloodstained altar of Trog.
  4619 | D:5      | Noticed Blork the orc
  4624 | D:5      | Killed Blork the orc
  4624 | D:5      | Reached skill level 9 in Crossbows
  5285 | D:5      | Reached XP level 8. HP: 43/43 MP: 8/8
  5500 | D:6      | Reached skill level 10 in Crossbows
  5663 | D:6      | Found a shattered altar of Ashenzari.
  5863 | D:6      | Noticed Prince Ribbit
  5874 | D:6      | Killed Prince Ribbit
  5874 | D:6      | Reached skill level 11 in Crossbows
  6172 | D:6      | Found a snail-covered altar of Cheibriados.
  6282 | D:6      | Reached XP level 9. HP: 47/47 MP: 9/9
  6809 | D:6      | Reached skill level 1 in Short Blades
  6873 | D:6      | Reached skill level 12 in Crossbows
  7085 | D:6      | Reached skill level 5 in Dodging
  7680 | D:6      | Killed from afar by an orc priest

Action                   |  1- 3 |  4- 6 |  7- 9 || total
-------------------------+-------+-------+-------++-------
Melee: Short sword       |    10 |    52 |       ||    62
       Dagger            |       |       |   139 ||   139
 Fire: Hand crossbow     |    71 |   135 |   260 ||   466
  Use: Scroll            |       |       |     6 ||     6
       Potion            |       |       |     2 ||     2
 Stab: Sleeping          |       |       |     3 ||     3
       Distracted        |       |       |     2 ||     2
  Eat: Chunk             |     1 |    10 |    15 ||    26
